 Dungeon Crawl Stone Soup version 0.22-a0-443-g17c3723 (webtiles) character file.

2814 Gorglomux the Shield-Bearer (level 9, -13/82 HPs)
             Began as a Deep Dwarf Fighter on June 1, 2018.
             Was a Believer of Makhleb.
             Mangled by a two-headed ogre
             ... wielding a cursed -2 giant spiked club
              (17 damage)
             ... on level 8 of the Dungeon.
             The game lasted 00:04:37 (4258 turns).

Gorglomux the Shield-Bearer (Deep Dwarf Fighter)    Turns: 4258, Time: 00:04:39

Health: -13/82     AC: 10    Str: 23    XL:     9   Next: 44%
Magic:  5/5        EV:  8    Int:  9    God:    Makhleb [**....]
Gold:   332        SH: 11    Dex: 12    Spells: 8/8 levels left

rFire    . . .     SeeInvis .   a - +0 war axe
rCold    . . .     Gourm    .   c - +0 shield
rNeg     . . .     Faith    .   b - +0 scale mail
rPois    .         Spirit   .   W - +0 helmet (curse)
rElec    .         Reflect  .   (no cloak)
rCorr    .         Harm     .   (no gloves)
MR       +....                  P - +0 pair of boots
Stlth    ..........             (no amulet)
HPRegen  0.00/turn              (no ring)
MPRegen  0.09/turn              (no ring)

@: non-regenerating
A: damage resistance, heal wounds, sense surroundings 2, no regeneration
a: Heal Wounds, Minor Destruction, Renounce Religion


You were on level 8 of the Dungeon.
You worshipped Makhleb.
Makhleb was pleased with you.
You were not hungry.

You visited 2 branches of the dungeon, and saw 9 of its levels.

You collected 332 gold pieces.

Inventory:

Hand Weapons
 a - a +0 war axe (weapon)
Armour
 b - a +0 scale mail (worn)
 c - a +0 shield (worn)
 P - a +0 pair of boots (worn)
 S - a +1 helmet
 W - a cursed +0 helmet (worn)
Wands
 I - a wand of iceblast (6)
Scrolls
 H - a scroll of enchant weapon {unknown}
 M - a scroll of magic mapping
 R - 5 scrolls of identify
 T - 3 scrolls of teleportation
 U - 2 scrolls of remove curse
 V - 2 scrolls of immolation {unknown}
 X - 2 scrolls of amnesia {unknown}
 Y - a scroll of fear
Potions
 v - 2 potions of ambrosia
 B - a potion of lignification {unknown}
 C - 2 potions of cancellation {unknown}
 D - a potion of degeneration {unknown}
 E - 2 potions of mutation {unknown}
 F - 4 potions of curing {unknown}
 Z - a potion of heal wounds {unknown}
Comestibles
 f - 12 rations


   Skills:
 + Level 6.2 Fighting
 + Level 6.9 Axes
 + Level 7.4 Armour
 + Level 7.5 Shields
 + Level 5.9 Invocations


You had 8 spell levels left.
You didn't know any spells.
Your spell library was empty.

Dungeon Overview and Level Annotations

Branches:
Dungeon (8/15)             Temple (1/1) D:4
   Lair: D:8-11

Altars:
Ashenzari
Cheibriados
Dithmenos
Elyvilon
Fedhas
Gozag
Hepliaklqana
Kikubaaqudgha
Makhleb
Nemelex Xobeh
Okawaru
Qazlal
Sif Muna
Trog
Uskayaw
Vehumet
Wu Jian
Yredelemnul
Zin
The Shining One

Annotations:
D:3 2 transporters
D:4 Gorglomux's ghost, amateur DDFi
D:6 1 exclusion


Innate Abilities, Weirdness & Mutations

You are resistant to damage.
You can heal yourself by infusing magical energy.
You passively map the area around you.
You do not regenerate.


Message History

The two-headed ogre is heavily wounded!
You open the howler monkey like a pillowcase!!!
The two-headed ogre hits you with a giant spiked club!
The two-headed ogre hits you with a giant butt!!!!!! * * * don't die
* * * The howler monkey hits you but does no damage!
You are too injured to fight recklessly!!!
Butt's shield prevents you from hitting the two-headed butt!
The two-headed ogre is heavily wounded!
You barely miss the howler monkey!
The howler butt hits you but does no damage!
You block the two-headed ogre's attack!
The two-headed ogre hits you with a giant club!!!!!! * * * don't die
* * * The howler monkey hits you but does no damage!
You dice the two-headed ogre like an onion!!!
The two-headed ogre is severely wounded!
Your shield prevents you from hitting the howler monkey!
The two-headed ogre hits you with a giant spiked club!!!!!! rip

##. , , ,, ,, ...*
** *#,* #.#* * *
.O. #.# ....##.# *
*
.......############
,, *#O...........#
** ** ,
#@######.##### , ,
, #h# #.# * * * #.#
#.# , , * #.# #.# *
, #.# #.# *, #.#
#.# *, #.# #.# * *
, #.# #.# *, * *
#.#


You could see a two-headed ogre and a howler monkey.

Vanquished Creatures
  The ghost of Ratty the Reanimator, a novice DENe (D:6)
  Grinder (D:5)
  Eustachio (D:6)
  Menkaure (D:5)
  A water moccasin (D:7)
  An orc warrior (D:7)
  A phantom (D:4)
  2 sky beasts (D:7)
  2 ogres
  A centaur (D:7)
  A bullfrog (D:6)
  A water moccasin zombie (D:5)
  3 scorpions
  3 howler monkeys
  3 crimson imps
  A bullfrog skeleton (D:7)
  2 hounds
  3 orc priests
  6 orc wizards
  A jelly (D:7)
  Terence (D:2)
  3 iguanas
  Natasha (thrice) (D:3)
  4 worker ants
  7 gnolls
  6 adders
  A shadow imp (D:5)
  An ooze (D:1)
  2 worms
  5 dart slugs
  3 leopard geckos
  12 orcs
  7 giant cockroaches
  10 goblins
  6 hobgoblins
  5 kobolds
  4 quokkas
  5 bats
  A frilled lizard (D:3)
  5 rats
127 creatures vanquished.

Notes
Turn   | Place    | Note
-------+----------+-------------------------------------------
     0 | D:1      | Gorglomux the Deep Dwarf Fighter began the quest for the Orb.
     0 | D:1      | Reached XP level 1. HP: 20/20 MP: 1/1
    50 | D:1      | Reached XP level 2. HP: 27/27 MP: 2/2
   465 | D:2      | Reached skill level 3 in Fighting
   543 | D:2      | Reached XP level 3. HP: 19/34 MP: 3/3
   612 | D:2      | Noticed Terence
   625 | D:2      | Killed Terence
   791 | D:2      | Reached skill level 3 in Axes
   862 | D:3      | Reached XP level 4. HP: 23/42 MP: 3/3
   917 | D:3      | Noticed Natasha
   925 | D:3      | Killed Natasha
   930 | D:3      | Reached XP level 5. HP: 31/49 MP: 4/4
   939 | D:3      | Noticed Natasha
   943 | D:3      | Found a transporter.
   968 | D:3      | Killed Natasha
  1006 | D:3      | Noticed Natasha
  1015 | D:3      | Killed Natasha
  1126 | D:3      | Reached XP level 6. HP: 40/57 MP: 2/2
  1280 | D:3      | Found a snail-covered altar of Cheibriados.
  1307 | D:3      | Found a transporter.
  1550 | D:4      | Found a staircase to the Ecumenical Temple.
  1569 | D:4      | Got an encrusted dagger
  1579 | Temple   | Entered the Ecumenical Temple
  1707 | Temple   | Became a worshipper of Makhleb the Destroyer
  1838 | D:4      | Identified the cursed +3 dagger "Killer Bee's Curse" {flame, *Rage MR+ Dex+3} (You found it on level 4 of the Dungeon)
  2007 | D:4      | Reached XP level 7. HP: 30/66 MP: 2/2
  2219 | D:4      | Found an iron altar of Okawaru.
  2239 | D:4      | Reached skill level 1 in Invocations
  2396 | D:4      | Noticed Gorglomux's ghost (amateur DDFi)
  2406 | D:5      | Entered Level 5 of the Dungeon
  2507 | D:5      | Noticed Grinder
  2560 | D:5      | Paralysed by Grinder for 2 turns
  2571 | D:5      | Killed Grinder
  2571 | D:5      | Reached skill level 6 in Armour
  2571 | D:5      | Reached skill level 6 in Shields
  2571 | D:5      | Reached XP level 8. HP: 36/73 MP: 2/4
  2576 | D:5      | Noticed Menkaure
  2584 | D:5      | Killed Menkaure
  2584 | D:5      | Reached skill level 3 in Invocations
  2675 | D:5      | Found a deep blue altar of Sif Muna.
  2708 | D:5      | Reached * piety under Makhleb
  3044 | D:5      | Found a shattered altar of Ashenzari.
  3135 | D:6      | Noticed Ratty's ghost (novice DENe)
  3172 | D:6      | Killed Ratty's ghost
  3172 | D:6      | Reached skill level 6 in Axes
  3224 | D:6      | Noticed Eustachio
  3245 | D:6      | Killed Eustachio
  3482 | D:6      | Found an opulent altar of Gozag.
  3628 | D:7      | Gained mutation: You passively map the area around you. [Deep Dwarf growth]
  3628 | D:7      | Reached XP level 9. HP: 44/82 MP: 4/4
  3872 | D:7      | Reached skill level 6 in Fighting
  4020 | D:7      | Reached ** piety under Makhleb
  4079 | D:7      | Found a white marble altar of Elyvilon.
  4245 | D:8      | Noticed a two-headed ogre
  4257 | D:8      | HP: 4/82 [two-headed ogre/giant spiked club (20)]
  4258 | D:8      | Mangled by a two-headed ogre

Vault maps used:
D:1:      saegor_arrival_simple_b
D:2:      uniq_terence
D:3:      gammafunk_temple_overflow_arena, first_ration, roderic_roman_lattice,
          uniq_natasha
D:4:      kennysheep_the_goblin_king, okawaru_ov_weapons_minmay,
          minmay_temple_entry_nine_rooms
D:5:      overflow_temple_1_default, basic_altar, grunt_decor_fettered,
          uniq_menkaure, uniq_grinder
D:6:      nicolae_gozag_cash_rules_everything_around_me,
          kennysheep_opposing_triangles, uniq_duvessa, uniq_eustachio,
          uniq_blork_the_orc
D:7:      nicolae_overflow_hidden_temple
D:8:      lemuel_round_altar, uniq_grum, uniq_maurice, uniq_pikel
Temple:   regret_index_temple_waves

Skill      XL: |  1  2  3  4  5  6  7  8  9 |
---------------+----------------------------+-----
Fighting       | 3 4 5 6 |  6.2
Axes           | 3 4 5 6 |  6.9
Armour         | 4 5 6 7 |  7.4
Shields        | 4 5 6 7 |  7.5
Invocations    | 2 4 5 |  5.9

Action                   |  1- 3 |  4- 6 |  7- 9 || total
-------------------------+-------+-------+-------++-------
Melee: War axe           |    83 |   147 |   301 ||   531
       Dagger            |       |    38 |       ||    38
 Abil: Heal Wounds       |     1 |     9 |    13 ||    23
  Use: Potion            |       |     1 |       ||     1
       Scroll            |       |     8 |       ||     8
  Eat: Chunk             |       |     4 |     8 ||    12
Armor: Scale mail        |    41 |   100 |   109 ||   250
Dodge: Dodged            |    33 |    65 |   106 ||   204
Block: Shield            |    51 |   132 |   180 ||   363

Table legend:
 A = Spawn XP
 B = Non-spawn XP
 C = Spawn XP percentage of total XP
 D = Spawn monster count
 E = Non-spawn monster count
 F = Spawn count percentage of total count
 G = Total turns spent on level
                    A         B        C        D         E        F      G
               +---------+---------+-------+---------+---------+-------+---------
         Total |       0 |    4021 |   0.0 |       0 |     127 |   0.0 |  4258
               +---------+---------+-------+---------+---------+-------+---------
           D:1 |       0 |      34 |   0.0 |       0 |      14 |   0.0 |   452
           D:2 |       0 |      54 |   0.0 |       0 |      10 |   0.0 |   375
           D:3 |       0 |     358 |   0.0 |       0 |      30 |   0.0 |   544
           D:4 |       0 |     564 |   0.0 |       0 |      21 |   0.0 |   881
           D:5 |       0 |     895 |   0.0 |       0 |      19 |   0.0 |   713
           D:6 |       0 |     889 |   0.0 |       0 |      11 |   0.0 |   450
           D:7 |       0 |    1122 |   0.0 |       0 |      20 |   0.0 |   653
           D:8 |       0 |     105 |   0.0 |       0 |       2 |   0.0 |    36
               +---------+---------+-------+---------+---------+-------+---------
